Map: Data-C

Players

Waffles

  • Race: Zerg Zerg
  • League: Silver
  • Spawn Location: 9:00

MattBarry - Winner!

  • Race: Zerg Zerg
  • League: Gold
  • Spawn Location: 3:00

VOD

Have the link to the VOD?

Description

Time

  • Played on: Jan. 21, 2023, 1:54 a.m.
  • Length: 4:07
Show
View Real Time Build Order
Export as new Build Order

Waffles Zerg 

Build Orders: Hatch First 

Get SALT Encoding   

  12  0:00  Drone  
  13  0:12  Overlord  
  13  0:22  Drone  
  14  0:39  Drone x3  
  18  0:50  Drone  
  18  0:57  Hatchery  
  17  1:09  Drone  
  18  1:14  Spawning Pool  
  18  1:17  Extractor  
  16  1:18  Drone  
  17  1:25  Drone  
  18  1:33  Drone  
  19  1:43  Drone  
  20  1:56  Overlord  
  20  2:02  Queen  
  22  2:09  Queen  
  22  2:11  Drone x2  
  26  2:24  Drone x2  
  26  2:28  Zergling x2  
  28  2:48  Zergling x8  
  29  3:02  Zergling x2  
  29  3:03  Drone x2  
  32  3:08  Queen  
  34  3:21  Zergling x4  
  34  3:24  Overlord x2  
  13  3:49  Drone  
  13  3:50  Drone x2  
Show
View Real Time Build Order
Export as new Build Order

MattBarry Zerg - Winner!

Build Orders: Pool First 

Get SALT Encoding   

  12  0:00  Drone  
  13  0:12  Overlord  
  13  0:17  Drone  
  14  0:24  Extractor  
  14  0:25  Drone  
  14  0:41  Spawning Pool  
  13  0:48  Drone  
  14  0:50  Drone  
  14  0:56  Drone  
  16  1:02  Drone  
  17  1:29  Metabolic Boost  
  17  1:31  Zergling x6  
  17  1:32  Queen  
  22  1:46  Extractor  
  21  1:47  Zergling x2  
  23  1:58  Hatchery  
  22  2:04  Overlord  
  22  2:24  Zergling x2  
  22  2:25  Drone  
  24  2:31  Zergling x2  
  25  2:48  Zergling x8  
  28  3:01  Zergling x2  
  29  3:08  Overlord  
  29  3:34  Drone  
  29  3:35  Drone x4  
  28  3:49  Roach Warren  
  28  3:52  Hatchery  
  25  3:56  Evolution Chamber  
  23  4:04  Spine Crawler  
Tags
 
Matchup
ZvZ
Race
Zerg
Replay Pack
Multiplayer
Spawn Locations
Cross Positions
Add a new tag
Caveats
  • Supply blocks, unpowered buildings, or Contaminate may cause inaccurate times.
  • Supply counts are checked every 10 seconds.